 Dungeon Sprint DCSS version 0.17-a0-1946-gfb768fe (webtiles) character file.

4150 esc the Arsonist (level 10, -26/77 HPs)
             Began as an Octopode Fire Elementalist on Oct 1, 2015.
             Was the Champion of Vehumet.
             Annihilated by Atefo the pandemonium lord (54 damage)
             ... in the Dungeon (Sprint V: "Ziggurat Sprint").
             The game lasted 00:17:15 (1476 turns).

esc the Arsonist (Octopode Fire Elementalist)       Turns: 1476, Time: 00:17:16

Health: -26/77     AC:  1    Str: 19    XL:     10   Next: 27%
Magic:  6/24       EV: 24    Int: 37    God:    Vehumet [******]
Gold:   0          SH:  0    Dex: 25    Spells: 5 memorised, 5 levels left

rFire  + . .     SeeInvis +     B - staff of energy {@w1+MP, hungerless spells, !d!a}
rCold  + . .     Clarity  .     (no shield)
rNeg   + + .     SustAt   .     (helmet restricted)
rPois  .         Gourm    .     R - amulet "Udekly" {Ward +Inv rF+ rC+ rN+ Int+4}
rElec  .         Spirit   .     D - +6 ring of dexterity
rCorr  .         Warding  +     E - +6 ring of dexterity
rMut   .         NoTele   +     F - +6 ring of intelligence
MR     +....                    G - +6 ring of intelligence
Stlth  ++++++....               H - +6 ring of strength
                                I - +6 ring of strength
                                P - ring of Shadows {Umbra +Inv rN+ SInv}
                                U - ring of protection from magic {MR+, !d}

@: very slightly contaminated, hasted, wreathed by umbra, very quick, somewhat
resistant to hostile enchantments, very stealthy
A: almost no armour, amphibious, 8 rings, constrict 8, camouflage 1, gelatinous
body 1
a: Renounce Religion, Evoke Invisibility


You were in the Dungeon.
You worshipped Vehumet.
Vehumet was exalted by your worship.
You were very full.

You visited 1 branch

Inventory:

Hand weapons
 Z - a +6 blowgun
   (You found it in the Dungeon)
Armour
 K - the +18 shield of the gong {rElec rN+ MR+ EV-5}
   (You found it in the Dungeon)

   It affects your evasion (-5).
   It insulates you from electricity.
   It protects you from negative energy.
   It affects your resistance to hostile enchantments.
Magical staves
 l - an uncursed staff of power {MP+17, !a}
   (You found it in the Dungeon)
 B - an uncursed staff of energy (weapon) {@w1+MP, hungerless spells, !d!a}
   (You found it in the Dungeon)
 S - an uncursed staff of poison {rPois}
   (You found it in the Dungeon)
 Y - an uncursed staff of air {rElec}
   (You found it in the Dungeon)
Jewellery
 D - a +6 ring of dexterity (left tentacle)
   (You found it in the Dungeon)
 E - a +6 ring of dexterity (right tentacle)
   (You found it in the Dungeon)
 F - a +6 ring of intelligence (on tentacle)
   (You found it in the Dungeon)
 G - a +6 ring of intelligence (on tentacle)
   (You found it in the Dungeon)
 H - a +6 ring of strength (on tentacle)
   (You found it in the Dungeon)
 I - a +6 ring of strength (on tentacle)
   (You found it in the Dungeon)
 L - the amulet "Lupiah Fude" {Stasis rC++}
   (You found it in the Dungeon)

   [amulet of stasis]

   It prevents you from being teleported, slowed, hasted or paralysed.
   It greatly protects you from cold.
 M - an uncursed ring of ice {rC+, rF-}
   (You found it in the Dungeon)
 P - the ring of Shadows (on tentacle) {Umbra +Inv rN+ SInv}
   (You found it in the Dungeon)

   [ring of invisibility]

   It protects you from negative energy.
   It lets you see invisible.
   It lets you turn invisible.
 R - the amulet "Udekly" (around mantle) {Ward +Inv rF+ rC+ rN+ Int+4}
   (You found it in the Dungeon)

   [amulet of warding]

   It may prevent the melee attacks of summoned creatures.
   It affects your intelligence (+4).
   It protects you from fire.
   It protects you from cold.
   It protects you from negative energy.
   It lets you turn invisible.
 U - a ring of protection from magic (on tentacle) {MR+, !d}
   (You took it off a crimson imp in the Dungeon)
Magical devices
 x - a wand of disintegration (0)
   (You found it in the Dungeon)
 y - a wand of fire (0)
   (You found it in the Dungeon)
 z - a wand of cold (0)
   (You found it in the Dungeon)
 A - a wand of draining (0)
   (You found it in the Dungeon)
Scrolls
 h - 4 scrolls of blinking {!r}
 o - 4 scrolls of amnesia
 p - 3 scrolls of recharging
 q - 7 scrolls of fog
 r - a scroll of holy word {!r}
 s - 5 scrolls of identify
 t - 5 scrolls of remove curse
 u - 2 scrolls of fear
 Q - 4 scrolls of enchant weapon
Potions
 c - 10 potions of curing
 d - 9 potions of heal wounds
 e - 5 potions of haste
 f - 6 potions of magic
 g - 3 potions of berserk rage {!q}
 i - 2 potions of brilliance
 j - 2 potions of invisibility
 k - 4 potions of resistance
 m - 5 potions of agility
 n - 5 potions of might
Books
 a - a book of Flames
 O - a book of Spatial Translocations
   (You found it in the Dungeon)
 T - a book of Conjurations
   (You found it in the Dungeon)
 W - a book of Annihilations
   (You found it in the Dungeon)
 X - a book of Dreams
   (You found it in the Dungeon)
Miscellaneous
 C - a crystal ball of energy
   (You found it in the Dungeon)
 J - a disc of storms
   (You found it in the Dungeon)
 N - a lamp of fire
   (You found it in the Dungeon)
 V - a fan of gales
   (You found it in the Dungeon)
Comestibles
 b - 5 bread rations {@e1}
 v - 42 fruits
 w - 2 meat rations {@e2}


   Skills:
 + Level 10.4 Fighting
 + Level 10.7 Dodging
 - Level 2.6 Stealth
 + Level 10.0 Spellcasting
 + Level 10.5 Conjurations
 + Level 10.8 Fire Magic
 - Level 3.2 Air Magic
 - Level 4.0 Poison Magic


You had 5 spell levels left.
You knew the following spells:

 Your Spells              Type           Power        Failure   Level  Hunger
a - Flame Tongue          Conj/Fire      #####        1%          1    None
b - Fire Storm            Conj/Fire      #######...   100%        9    None
c - Poison Arrow          Conj/Pois      ######....   5%          6    None
f - Fireball              Conj/Fire      #######...   1%          5    None
x - Mephitic Cloud        Conj/Pois/Air  ######..     1%          3    None


Dungeon Overview and Level Annotations

Branches:
Dungeon (1/1)

Altars:
Ashenzari
Cheibriados
Dithmenos
Elyvilon
Fedhas
Gozag
Kikubaaqudgha
Makhleb
Nemelex Xobeh
Okawaru
Qazlal
Ru
Sif Muna
Trog
Vehumet
Xom
Yredelemnul
Zin
The Shining One
Beogh
Jiyva
Lugonu


Innate Abilities, Weirdness & Mutations

You cannot wear most types of armour.
You are amphibious.
You can wear up to eight rings at the same time.
You can use your tentacles to constrict eight enemies at once.
Your skin changes colour to match your surroundings (Stealth).
Your rubbery body absorbs attacks (AC +1).


Message History

Unknown command.
Unknown command.
Okay, then.
You see here the cursed +1 fire dragon armour of Etyw {rF++ rC- Int+9, rF++, rC-}.
You see here a +3 plate armour of fire resistance.
You start resting.
All of the chunks of flesh in your inventory have rotted away.
Health restored: 77; MP restored: 23 Your surroundings seem different!
Welcome to arena 10.
A quasit, 4 ufetubi, an iron imp, a shadow imp, a red devil and a pandemonium lord come into view.
The ufetubus shouts!
The red devil picks up 2 potions of might.
Unknown command.
Here: Atefo (hasn't noticed you)
An uncursed ring of ice.
The floor.
Okay, then.
Aim: an ufetubus (hasn't noticed you)
The ball explodes into a vile cloud!
The stinking cloud engulfs the ufetubus.
The ufetubus shouts!
The stinking cloud engulfs the shadow imp.
The shadow imp shouts, "Scamper away, thou dissembling spur-galled jarkman!"
The stinking cloud engulfs the quasit.
The stinking cloud engulfs Atefo.
Atefo breathes, "Slither away, thou currish flat-headed strumpet!"
The ufetubus shouts! x2
The iron imp shouts, "Scamper hence, thou paunchy spleeny buzzard-bait!"
The ufetubus is engulfed in noxious fumes.
The ufetubus appears confused.
Atefo gestures.
The ufetubus is engulfed in noxious fumes.
The ufetubus appears confused.
You now have 20/23 mp.
The fireball explodes!
The fireball engulfs Atefo.
The fireball engulfs the ufetubus.
The ufetubus is burned terribly!
You kill the ufetubus!
Vehumet accepts your kill.
Vehumet offers you knowledge of Delayed Fireball.
The fireball engulfs the iron imp.
The iron imp appears unharmed.
The fireball engulfs the ufetubus.
The ufetubus is burned terribly!
You kill the ufetubus!
Vehumet accepts your kill.
You feel your power returning.
The fireball engulfs the ufetubus.
The ufetubus is burned terribly!
You kill the ufetubus!
Vehumet accepts your kill.
You feel your power returning.
You now have 17/23 mp.
Aim: a shadow imp
Okay, then.
The sixfirhy completely misses you. The sixfirhy misses you.
The sixfirhy closely misses you.
The fireball explodes!
The fireball engulfs Atefo.
The fireball engulfs the quasit.
The quasit resists.
The sixfirhy misses you. The sixfirhy misses you.
The quasit completely misses you. The quasit completely misses you. x2
You now have 12/23 mp.
Aim: Atefo (lightly wounded, umbra)
The fireball explodes!
The fireball engulfs Atefo.
The fireball engulfs the quasit.
The quasit resists.
The fireball engulfs the shadow imp.
You kill the shadow imp!
Vehumet accepts your kill.
You feel your power returning.
Your Spellcasting skill increases to level 10!
The quasit bites you. The quasit completely misses you.
The quasit completely misses you.
You take 1 damage, and have 76/77 hp.
You now have 8/24 mp.
Aim: a quasit (severely wounded, umbra)
The fireball explodes!
The fireball engulfs the quasit.
The quasit resists.
You kill the quasit!
Vehumet accepts your kill.
You feel your power returning.
The fireball engulfs the iron imp.
The iron imp completely resists.
The fireball engulfs Atefo.
The fireball engulfs the soul eater.
Atefo hits you!!!
Ouch! That really hurt!
You take 42 damage, and have 34/77 hp.
MASSIVE DAMAGE!!
You now have 5/24 mp.
The sixfirhy misses you. The sixfirhy completely misses you.
Atefo gestures.
The sixfirhy completely misses you.
The sixfirhy disappears in a puff of smoke!
Atefo gestures at you. The iron shot misses you.
The red devil barely misses you. The iron imp hits you!
You take 8 damage, and have 27/77 hp.
The red devil misses you. The red devil completely misses you.
The red devil barely misses you.
Drink which item? (? for menu, Esc to quit)
You feel yourself speed up. The red devil misses you.
Atefo completely misses you.
You are very lightly contaminated with residual magic.
You see here an uncursed ring of ice {rC+, rF-}.
M - an uncursed ring of ice {rC+, rF-} Atefo sneers, "Turn tail, thou ducking kobold-kissing whey-face!"
Atefo hits you!!!
Ouch! That really hurt!
You die...

▓.........▓.......▓
▓.........▓.......▓
▓.).......▓.......▓
▓.▓...|)▓.▓.▓...▓.▓
▓......)..▓.......▓
▓▓▓▓▓▓▓▓▓▓▓▓▓▓▓▓▓▓▓
▓...8©8...▓
▓...:=))..▓
▓...:@)[..▓
▓....&....▓
▓...53454.▓
▓....3....▓
▓.........▓
▓.▓.....▓.▓
▓.........▓
▓▓▓▓▓▓▓▓▓▓▓


You could see Atefo, a soul eater, a smoke demon, 2 red devils, an iron imp and
an ufetubus.

Vanquished Creatures
  An eye of devastation (D)
  2 naga magi (D)
  A hellwing (D)
  A deep elf priest (D)
  2 slime creatures (D)
  2 deep elf magi (D)
  A vampire (D)
  4 spriggans (D)
  2 nagas (D)
  2 hell hounds (D)
  2 water moccasins (D)
  A wolf (D)
  An eye of draining (D)
  2 quasits (D)
  2 crimson imps (D)
  4 jellies (D)
  An iron imp (D)
  5 adders (D)
  A giant eyeball (D)
  3 shadow imps (D)
  6 ufetubi (D)
  An ooze (D)
  A bat zombie (D)
  A ball python (D)
  A jackal zombie (D)
50 creatures vanquished.

Notes
Turn   | Place    | Note
--------------------------------------------------------------
     0 | D        | esc the Octopode Fire Elementalist began the quest for the Orb.
     0 | D        | Reached XP level 1. HP: 11/11 MP: 3/3
     0 | D        | Found a roughly hewn altar of Beogh.
     0 | D        | Found a corrupted altar of Lugonu.
     0 | D        | Found a viscous altar of Jiyva.
     0 | D        | Found a white marble altar of Elyvilon.
     0 | D        | Found a sparkling altar of Nemelex Xobeh.
     0 | D        | Found a burning altar of Makhleb.
     0 | D        | Found an iron altar of Okawaru.
     0 | D        | Found a deep blue altar of Sif Muna.
     0 | D        | Found a radiant altar of Vehumet.
     0 | D        | Found a bloodstained altar of Trog.
     0 | D        | Found a shimmering altar of Xom.
    30 | D        | Became a worshipper of Vehumet
    36 | D        | Reached skill level 3 in Fighting
    36 | D        | Reached skill level 3 in Dodging
    36 | D        | Reached skill level 3 in Spellcasting
    36 | D        | Reached skill level 3 in Conjurations
    36 | D        | Reached skill level 4 in Fire Magic
    36 | D        | Reached XP level 2. HP: 14/21 MP: 3/6
   158 | D        | Entered arena 1.
   158 | D        | Noticed an iron imp
   164 | D        | Killed an iron imp
   164 | D        | Reached skill level 4 in Dodging
   164 | D        | Reached XP level 3. HP: 14/26 MP: 8/8
   173 | D        | Got the amulet "Lupiah Fude" {Stasis rC++}
   338 | D        | Entered arena 2.
   338 | D        | Noticed a deep elf mage
   338 | D        | Noticed a deep elf mage
   338 | D        | Noticed a deep elf priest
   343 | D        | Killed a deep elf priest
   343 | D        | Acquired Vehumet's first power
   343 | D        | Offered knowledge of Shock by Vehumet.
   343 | D        | Reached skill level 5 in Fighting
   343 | D        | Reached skill level 6 in Dodging
   343 | D        | Reached skill level 5 in Spellcasting
   343 | D        | Reached skill level 6 in Conjurations
   343 | D        | Reached skill level 6 in Fire Magic
   343 | D        | Reached XP level 4. HP: 24/36 MP: 8/11
   343 | D        | Reached XP level 5. HP: 27/41 MP: 9/13
   343 | D        | Reached XP level 6. HP: 30/46 MP: 9/14
   345 | D        | HP: 9/46 [deep elf mage/rapier of protection (6)]
   348 | D        | Killed a deep elf mage
   348 | D        | Reached skill level 6 in Fighting
   348 | D        | Reached skill level 7 in Dodging
   348 | D        | Reached skill level 6 in Spellcasting
   348 | D        | Reached skill level 7 in Fire Magic
   348 | D        | Reached XP level 7. HP: 5/53 MP: 10/16
   349 | D        | Killed a deep elf mage
   349 | D        | Reached skill level 7 in Fighting
   349 | D        | Reached skill level 7 in Conjurations
   618 | D        | Entered arena 3.
   618 | D        | Noticed a jelly
   618 | D        | Noticed an eye of draining
   619 | D        | Killed a jelly
   619 | D        | Offered knowledge of Sandblast by Vehumet.
   631 | D        | Killed an eye of draining
   631 | D        | Reached skill level 7 in Spellcasting
   631 | D        | Reached skill level 8 in Fire Magic
   655 | D        | Learned a level 5 spell: Fireball
   722 | D        | Entered arena 4.
   722 | D        | Noticed a water moccasin
   723 | D        | Acquired Vehumet's second power
   724 | D        | Killed a water moccasin
   724 | D        | Reached skill level 8 in Dodging
   724 | D        | Reached XP level 8. HP: 61/61 MP: 13/19
   761 | D        | Entered arena 5.
   761 | D        | Noticed a spriggan
   761 | D        | Noticed a spriggan
   761 | D        | Noticed a spriggan
   761 | D        | Noticed a spriggan
   761 | D        | Noticed a wolf
   763 | D        | Killed a spriggan
   763 | D        | Acquired Vehumet's third power
   763 | D        | Reached skill level 8 in Conjurations
   763 | D        | Killed a spriggan
   763 | D        | Reached skill level 8 in Fighting
   763 | D        | Killed a spriggan
   763 | D        | Reached skill level 8 in Spellcasting
   763 | D        | Reached skill level 9 in Fire Magic
   764 | D        | Killed a spriggan
   764 | D        | Reached skill level 9 in Dodging
   764 | D        | Killed a wolf
   827 | D        | Entered arena 6.
   827 | D        | Noticed a hell hound
   827 | D        | Noticed a hell hound
   828 | D        | Noticed a crimson imp
   828 | D        | Killed a hell hound
   828 | D        | Offered knowledge of Mephitic Cloud by Vehumet.
   828 | D        | Reached skill level 9 in Conjurations
   828 | D        | Reached XP level 9. HP: 67/67 MP: 21/21
   836 | D        | Killed a hell hound
   836 | D        | Reached skill level 9 in Fighting
   845 | D        | Killed a crimson imp
   871 | D        | Learned a level 3 spell: Mephitic Cloud
   881 | D        | Learned a level 9 spell: Fire Storm
   888 | D        | Learned a level 6 spell: Poison Arrow
  1007 | D        | Entered arena 7.
  1007 | D        | Noticed a jelly
  1007 | D        | Noticed a jelly
  1007 | D        | Noticed an eye of devastation
  1007 | D        | Noticed a slime creature
  1007 | D        | Noticed a slime creature
  1007 | D        | Noticed a jelly
  1008 | D        | Killed a jelly
  1008 | D        | Offered knowledge of Static Discharge by Vehumet.
  1009 | D        | Killed a jelly
  1010 | D        | Killed a slime creature
  1010 | D        | Reached skill level 1 in Air Magic
  1010 | D        | Reached skill level 1 in Poison Magic
  1011 | D        | Killed a jelly
  1013 | D        | Killed an eye of devastation
  1013 | D        | Reached skill level 9 in Spellcasting
  1013 | D        | Reached skill level 2 in Air Magic
  1013 | D        | Reached skill level 3 in Poison Magic
  1014 | D        | Killed a slime creature
  1014 | D        | Reached skill level 10 in Fire Magic
  1021 | D        | Got the amulet "Udekly" {Ward +Inv rF+ rC+ rN+ Int+4}
  1109 | D        | Entered arena 8.
  1109 | D        | Noticed a hellwing
  1109 | D        | Noticed a crimson imp
  1109 | D        | Noticed a vampire
  1109 | D        | Noticed a quasit
  1111 | D        | Killed a vampire
  1111 | D        | Reached skill level 10 in Dodging
  1111 | D        | Reached skill level 3 in Air Magic
  1113 | D        | Killed a quasit
  1113 | D        | Reached skill level 4 in Poison Magic
  1126 | D        | Killed a hellwing
  1135 | D        | Killed a crimson imp
  1202 | D        | Entered arena 9.
  1202 | D        | Noticed a naga
  1202 | D        | Noticed a naga
  1202 | D        | Noticed a naga mage
  1202 | D        | Noticed a naga mage
  1202 | D        | Noticed a water moccasin
  1205 | D        | Offered knowledge of Stone Arrow by Vehumet.
  1206 | D        | Killed a naga mage
  1206 | D        | Reached skill level 10 in Fighting
  1206 | D        | Reached skill level 10 in Conjurations
  1206 | D        | Reached XP level 10. HP: 76/76 MP: 11/23
  1212 | D        | Killed a water moccasin
  1219 | D        | Killed a naga
  1222 | D        | Killed a naga
  1236 | D        | Killed a naga mage
  1270 | D        | Got the amulet of the Four Suns {Faith +Fly rC- MR+ Slay+4}
  1460 | D        | Entered arena 10.
  1460 | D        | Noticed a red devil
  1460 | D        | Noticed Atefo the pandemonium lord
  1460 | D        | Noticed an iron imp
  1460 | D        | Noticed a quasit
  1462 | D        | Noticed a soul eater
  1462 | D        | Noticed a sixfirhy
  1462 | D        | Offered knowledge of Delayed Fireball by Vehumet.
  1465 | D        | Reached skill level 10 in Spellcasting
  1466 | D        | Killed a quasit
  1468 | D        | Noticed a smoke demon
  1476 | D        | Annihilated by Atefo the pandemonium lord

Vault maps used:
D:        sprint_v

Action                   |  1- 3 |  4- 6 |  7- 9 | 10-12 || total
-------------------------+-------+-------+-------+-------++-------
Melee: Unarmed           |       |       |    24 |    16 ||    40
 Cast: Fireball          |       |       |    17 |     8 ||    25
       Poison Arrow      |       |       |     2 |       ||     2
       Mephitic Cloud    |       |       |     1 |     1 ||     2
Evoke: Wand              |    11 |     5 |     6 |       ||    22
       Disc of storms    |       |       |     4 |       ||     4
  Use: Potion            |     1 |       |     2 |     1 ||     4
 Stab: Confused          |       |       |       |     2 ||     2
  Eat: Meat ration       |       |       |     2 |       ||     2

Vault maps used:
D:        sprint_v

Table legend:
 A = Turns spent in this place as a percentage of turns spent in the entire game.
 B = Non-inter-level travel turns spent in this place as a percentage of non-inter-level travel turns spent in the entire game.
 C = Inter-level travel turns spent in this place as a percentage of turns spent in this place.
 D = Turns resting spent in this place as a percentage of non-inter-level travel turns spent in this place.
 E = Turns spent auto-exploring this place as a percentage of non-inter-level travel turns spent in this place.
 F = Non-inter-level travel turns spent in this place divided by the number of levels of this place that you've seen.
                   A       B       C       D       E      F
               +-------+-------+-------+-------+-------+----------------------
         Total | 100.0 | 100.0 |   0.0 |   4.7 |   0.0 | 470.0
       Dungeon | 100.0 | 100.0 |   0.0 |   4.7 |   0.0 | 470.0
               +-------+-------+-------+-------+-------+----------------------

Table legend:
 A = Kills in this place as a percentage of kills in entire the game.
 B = Kills by you in this place as a percentage of kills by you in the entire game.
 C = Kills by friends in this place as a percentage of kills by friends in the entire game.
 D = Other kills in this place as a percentage of other kills in the entire game.
 E = Experience gained in this place as a percentage of experience gained in the entire game.
 F = Experience gained in this place divided by the number of levels of this place that you have seen.
                   A       B       C       D       E      F
               +-------+-------+-------+-------+-------+----------------------
         Total | 100.0 | 100.0 |  -nan |  -nan | 100.0 | 5919.0
       Dungeon | 100.0 | 100.0 |  -nan |  -nan | 100.0 | 5919.0
               +-------+-------+-------+-------+-------+----------------------
